Map: Odyssey LE

Players

Juxtapose

  • Race: Terran Terran
  • League: Gold
  • Spawn Location: 11:00

Sigma - Winner!

  • Race: Terran Terran
  • League: Platinum
  • Spawn Location: 5:00

VOD

https://youtu.be/VHqTctxXgPI

Description

My opponent was extremely good and outplayed me. He got Siege Tanks just in time to thwart my rush, and then was able to capitalize on his macro.

Time

  • Played on: Jan. 1, 2018, 1:57 p.m.
  • Length: 8:31
Show
View Real Time Build Order
Export as new Build Order

Juxtapose Terran 

Build Orders:  

Get SALT Encoding   

  12  0:01  SCV  
  13  0:13  SCV  
  14  0:22  Supply Depot  
  14  0:25  SCV  
  15  0:43  SCV  
  15  0:46  Barracks  
  15  0:48  Supply Depot  
  16  0:55  SCV  
  17  1:07  SCV, Refinery  
  18  1:20  SCV  
  18  1:21  Refinery  
  19  1:33  Orbital Command  
  19  1:37  Marine  
  20  1:58  Barracks Reactor  
  20  2:01  SCV  
  21  2:13  SCV  
  22  2:25  Supply Depot, SCV  
  22  2:35  Marine x2  
  24  2:38  SCV  
  24  2:41  Factory  
  24  2:43  Engineering Bay  
  25  2:50  SCV  
  26  2:52  Marine x2  
  28  3:02  SCV  
  28  3:04  Supply Depot  
  29  3:10  Marine x2  
  31  3:15  SCV  
  31  3:24  Factory Reactor  
  31  3:28  Marine x2  
  33  3:36  Terran Infantry Weapons Level 1  
  33  3:40  Missile Turret  
  33  3:46  Marine x2  
  35  4:02  Cyclone x2  
  41  4:04  Marine x2  
  43  4:21  Marine  
  43  4:22  Marine  
  45  4:41  Supply Depot  
  45  4:51  Marine x2  
  47  5:02  Cyclone x2  
  47  5:03  Supply Depot  
  47  5:07  Command Center  
  53  5:08  Marine  
  53  5:09  Marine  
  55  5:26  Marine x2  
  57  5:30  Terran Infantry Armor Level 1  
  57  5:34  Cyclone x2  
  63  5:49  Starport  
  63  5:53  Supply Depot  
  63  6:11  Marine  
  63  6:18  Cyclone x2, Marine  
  70  6:22  SCV  
  71  6:29  Marine, Starport Reactor  
  72  6:34  SCV  
  72  6:36  Marine  
  60  6:47  Marine  
  43  6:53  Marine, Widow Mine x2  
  49  6:59  Orbital Command  
  49  7:00  SCV  
  50  7:04  Marine  
  51  7:12  SCV  
  51  7:14  Factory  
  52  7:24  SCV  
  53  7:36  SCV x2  
  55  7:42  Marine x2  
  55  7:48  SCV x2  
  45  7:58  Factory Tech Lab  
  51  8:00  Marine x2, SCV  
Show
View Real Time Build Order
Export as new Build Order

Sigma Terran - Winner!

Build Orders: MMM Bio 

Get SALT Encoding   

  12  0:00  SCV  
  13  0:13  SCV  
  14  0:17  Supply Depot  
  14  0:29  SCV  
  15  0:40  Barracks  
  15  0:41  SCV  
  16  0:47  Refinery  
  16  0:53  SCV  
  17  1:05  SCV  
  18  1:17  SCV  
  19  1:29  SCV  
  20  1:34  Command Center  
  20  1:44  Orbital Command  
  20  1:52  Reaper  
  21  1:57  Supply Depot  
  21  2:12  SCV  
  22  2:31  Factory  
  22  2:35  SCV  
  23  2:37  Barracks Reactor  
  23  2:39  Refinery  
  23  2:44  Barracks  
  23  2:47  SCV  
  24  2:51  Orbital Command  
  24  3:01  Bunker  
  24  3:15  SCV  
  24  3:19  Marine x2  
  27  3:21  SCV  
  28  3:30  SCV  
  28  3:33  SCV  
  30  3:35  Engineering Bay  
  30  3:37  Factory Tech Lab, Marine x2  
  30  3:38  Barracks Tech Lab  
  32  3:41  Starport  
  32  3:42  SCV  
  32  3:46  SCV  
  34  3:54  Barracks  
  34  3:58  SCV x2  
  34  3:59  Marine x2, Barracks  
  38  4:04  Siege Tank  
  41  4:11  SCV x2  
  41  4:12  Marine  
  41  4:16  Marine  
  44  4:23  SCV  
  46  4:28  SCV, Medivac  
  49  4:39  SCV  
  50  4:49  Marine x2  
  50  4:52  Barracks Reactor, Barracks Tech Lab  
  52  4:58  Medivac  
  52  4:59  Stimpack  
  54  5:01  Refinery  
  54  5:03  Refinery  
  54  5:09  Marine x2  
  54  5:10  Supply Depot  
  54  5:13  SCV x2  
  58  5:15  Marauder  
  60  5:23  Terran Infantry Weapons Level 1  
  60  5:24  Marine  
  60  5:27  Marine  
  62  5:32  Marine x3  
  62  5:33  Supply Depot  
  65  5:37  Marine  
  65  5:41  SCV x2  
  68  5:52  Marine x2  
  68  5:55  Marine, SCV x2  
  73  5:57  Command Center  
  73  6:15  Marine x2  
  73  6:17  Combat Shields  
  74  6:21  Siege Tank  
  77  6:30  Marine  
  78  6:35  Marine x2  
  78  6:36  Supply Depot  
  78  6:37  Supply Depot  
  69  6:52  Marine x2  
  69  6:53  Marine  
  72  6:59  Marine x2  
  72  7:00  Marine  
  75  7:03  SCV x2  
  75  7:08  Starport Reactor  
  77  7:11  Siege Tank  
  77  7:12  Marine x2  
  77  7:13  Marine  
  83  7:17  Marine, Orbital Command  
  83  7:18  SCV  
  83  7:19  Marine x2, SCV  
  88  7:27  Barracks x2  
  88  7:28  Supply Depot  
  88  7:29  Supply Depot  
  84  7:54  Siege Tank  
  84  7:55  Marine x5  
  90  8:09  Marine  
  90  8:12  Marine x2  
  91  8:13  Marine  
Tags
 
Composition
MMM Bio
Matchup
TvT
Race
Terran
Spawn Locations
Cross Positions
Add a new tag
Caveats
  • Supply blocks, unpowered buildings, or Contaminate may cause inaccurate times.
  • Supply counts are checked every 10 seconds.